 Dungeon Crawl Stone Soup version 0.30-a0-883-g5ad918d77d (webtiles) character file.

Game seed: 13754416110194354364

1530 NinjaNoafa the Magician (level 8, -1/57 HPs)
             Began as a Pale Draconian Conjurer on Mar 16, 2023.
             Was a Follower of Vehumet.
             Slain by a mummy (7 damage)
             ... in an ossuary.
             The game lasted 00:16:37 (4803 turns).

NinjaNoafa the Magician (Pale Draconian Conjurer)   Turns: 4803, Time: 00:16:38

Health: -1/57      AC:  8    Str:  9    XL:     8   Next: 55%
Magic:  2/19       EV: 12    Int: 28    God:    Vehumet [*.....]
Gold:   135        SH:  0    Dex:  9    Spells: 15/22 levels left

rFire   + . .      SeeInvis .    i - staff of cold
rCold   + . .      Faith    .    (no shield)
rNeg    . . .      Spirit   .    (body armour unavailable)
rPois   .          Reflect  .    H - +1 hat
rElec   .          Rampage  .    (no cloak)
rCorr   .                        r - +0 pair of gloves
Will    .....                    (no boots)
Stlth   +                        J - amulet of regeneration
HPRegen 0.29/turn                B - +6 ring of intelligence
MPRegen 0.16/turn                p - ring of protection from fire

@: brilliant, studying Maces & Flails, very slow
A: breathe steam, AC +6, unfitting armour, cold-blooded, steam resistance
a: Breathe Steam, Renounce Religion


You were in an ossuary.
You worshipped Vehumet.
Vehumet was aware of your devotion.
You visited 2 branches of the dungeon, and saw 7 of its levels.
You also visited: Sewer and Ossuary.

You collected 360 gold pieces.
You spent 225 gold pieces at shops.

Inventory:

Missiles
 v - 6 curare-tipped darts
 E - 18 poisoned darts
 G - 2 boomerangs
Armour
 r - a +0 pair of gloves (worn)
 H - a +1 hat (worn)
Magical Staves
 i - a staff of cold (weapon)
Jewellery
 m - a ring of ice
 p - a ring of protection from fire (right hand)
 q - a ring of see invisible
 w - a ring of protection from cold
 B - a +6 ring of intelligence (left hand)
 J - an amulet of regeneration (around neck)
 K - a ring of poison resistance
Wands
 g - a wand of digging (4)
 F - a wand of charming (10)
Scrolls
 b - 4 scrolls of amnesia {unknown}
 c - 3 scrolls of poison {unknown}
 d - 3 scrolls of blinking {unknown}
 f - 5 scrolls of identify
 k - 8 scrolls of teleportation
 l - 4 scrolls of enchant armour {unknown}
 u - 2 scrolls of fear {unknown}
 y - 3 scrolls of enchant weapon {unknown}
 C - 2 scrolls of acquirement {unknown}
 I - a scroll of immolation {unknown}
Potions
 e - 3 potions of curing {unknown}
 h - 2 potions of degeneration
 j - 4 potions of mutation
 n - a potion of brilliance
 o - 2 potions of lignification {unknown}
 s - 2 potions of might {unknown}
 t - 3 potions of heal wounds {unknown}
 x - a potion of flight {unknown}
 z - 2 potions of berserk rage {unknown}
 A - 2 potions of resistance {unknown}
 D - 3 potions of haste {unknown}
 L - 2 potions of ambrosia {unknown}


   Skills:
 - Level 1.7 Dodging
 - Level 1.7 Stealth
 + Level 7.7 Spellcasting
 + Level 5.9 Conjurations
 + Level 5.3 Translocations


You had 15 spell levels left.
You knew the following spells:

 Your Spells              Type           Power      Damage    Failure   Level
a - Magic Dart            Conj           100%       1d8       1%          1
b - Searing Ray           Conj           100%       2d8       1%          2
c - Iskenderun's Mystic   Conj/Tloc      59%        2d12      4%          4

Your spell library contained the following spells:

 Spells                   Type           Power      Damage    Failure   Level
 Sandblast                Erth           32%        2d9       4%          1
 Dazzling Flash           Conj/Hex       82%        N/A       4%          3
 Fulminant Prism          Conj/Hex       20%        3d12      16%         4


Dungeon Overview and Level Annotations

Branches:
Dungeon (6/15)             Temple (1/1) D:4           Sewer (visited)
Ossuary (1/1)

Altars:
Ashenzari
Cheibriados
Dithmenos
Elyvilon
Fedhas
Gozag
Hepliaklqana
Kikubaaqudgha
Okawaru
Qazlal
Ru
Uskayaw
Vehumet
Wu Jian
Xom
Yredelemnul
The Shining One

Shops:
D:1 (   D:4 [   D:5 *


Innate Abilities, Weirdness & Mutations

You can breathe blasts of scalding, opaque steam.
Your pale cyan-grey scales are hard. (AC +6)
You cannot fit into any form of body armour.
You are cold-blooded and may be slowed by cold attacks.
You are immune to the effects of steam.


Message History

You can now gain magical power from killing.
Vehumet offers you knowledge of Sandblast.
The mystic blast hits the mummy!
The mummy is almost destroyed.
The mummy is knocked back by the mystic blast.
The mummy slams into the stone wall!
You destroy the mummy!
Vehumet accepts your kill.
Okay, then.
Okay, then.
Unknown command.
Unknown command.
Okay, then.
Unknown command.
You enter the shallow water.
Moving in this stuff is going to be slow.
Unknown command.
As you read the scroll labelled HUISUL WUNT, it crumbles to dust.
It is a scroll of identify.
h - 2 potions of degeneration A mummy comes into view.
A mummy comes into view.
You enter the shallow water.
Moving in this stuff is going to be slow.
You have got your breath back.
You enter the shallow water.
Moving in this stuff is going to be slow.
Okay, then.
As you read the scroll of identify, it crumbles to dust.
n - 2 potions of brilliance
As you read the scroll of identify, it crumbles to dust.
j - 4 potions of mutation You feel clever all of a sudden.
The mummy hits you!
* * * LOW HITPOINT WARNING * * *
You enter the shallow water.
Moving in this stuff is going to be slow.
A mummy comes into view.
The mummy hits you!
You die...

#####.###
#.'.'.#
#####.###
#∩..#.'.#
#.∩.'.###
#...#~~.#
##.#####M~##
~~.~.~~.~~.#
.~.#.~.M@###
PMP≈.#.#.##
#~≈##~#M#~#
#≈ ≈~≈#≈#≈#
# #~#≈≈#≈##
#≈#≈≈≈# #
####


You could see 4 mummies.

Vanquished Creatures
  A water moccasin (D:6)
  A hornet zombie (Ossuary)
  An ogre (D:5)
  A centaur (D:5)
  2 kobold brigands (D:6)
  3 scorpions
  2 bullfrog zombies (Ossuary)
  4 jellies (Sewer)
  2 hounds (D:4)
  An iguana (D:4)
  A sleepcap (D:4)
  Jessica (D:3)
  4 orc wizards
  Natasha (twice) (D:3)
  7 mummies (Ossuary)
  Robin (D:4)
  A howler monkey zombie (Ossuary)
  4 gnolls
  7 adders
  2 river rats (Sewer)
  3 ufetubi
  6 worms
  3 dart slugs
  9 orcs
  13 ball pythons
  4 bats
  12 endoplasms
  8 giant cockroaches
  14 goblins
  4 hobgoblins
  11 kobolds
  4 quokkas
  6 frilled lizards
  8 rats
153 creatures vanquished.

Vanquished Creatures (others)
  2 orcs (D:5)
  5 withered plants (Ossuary)
7 creatures vanquished.

Grand Total: 160 creatures vanquished

Notes
Turn   | Place    | Note
-------+----------+-------------------------------------------
     0 | D:1      | NinjaNoafa the Draconian Conjurer began the quest for the
                  | Orb.
     0 | D:1      | Reached XP level 1. HP: 14/14 MP: 3/3
   204 | D:1      | Reached XP level 2. HP: 11/20 MP: 3/5
   270 | D:1      | Learned a level 2 spell: Searing Ray
   334 | D:1      | Reached skill level 3 in Spellcasting
   360 | D:1      | Found Icuwet Utue's Weapon Emporium.
   803 | D:2      | Reached XP level 3. HP: 26/26 MP: 1/7
  1074 | D:2      | Reached skill level 4 in Spellcasting
  1179 | D:2      | Reached XP level 4. HP: 33/33 MP: 6/10
  1640 | D:3      | Found a hazy altar of Hepliaklqana.
  1946 | D:3      | Noticed Natasha
  1950 | D:3      | Killed Natasha
  2112 | D:3      | Reached skill level 5 in Spellcasting
  2112 | D:3      | Reached XP level 5. HP: 17/38 MP: 6/12
  2211 | D:3      | Noticed Jessica
  2212 | D:3      | Identified the +0 ring mail of Iqidd {rPois Will+ Str-5}
  2213 | D:3      | Noticed Natasha
  2242 | D:3      | Killed Jessica
  2273 | D:3      | Killed Natasha
  2438 | D:4      | Reached XP level 6. HP: 26/45 MP: 2/14
  2522 | D:4      | Found Eckiqaed's Antique Armour Shop.
  2566 | D:4      | Reached skill level 6 in Spellcasting
  2566 | D:4      | Reached skill level 1 in Translocations
  2707 | D:4      | Found a white marble altar of Elyvilon.
  2874 | D:4      | Found an ornate altar of the Wu Jian Council.
  2911 | D:4      | Noticed Robin
  2999 | D:4      | Killed Robin
  3146 | D:4      | Found a staircase to the Ecumenical Temple.
  3302 | Temple   | Entered the Ecumenical Temple
  3458 | D:5      | Entered Level 5 of the Dungeon
  3570 | D:5      | Your scales start taking on a pale cyan-grey colour.
  3570 | D:5      | Reached XP level 7. HP: 49/50 MP: 8/16
  3570 | D:5      | Gained mutation: You are immune to the effects of steam.
                  | [Pale Draconian growth]
  3733 | D:5      | Found a glowing drain.
  3750 | Sewer    | Entered a sewer
  3832 | Sewer    | Found a shimmering altar of Xom.
  4046 | D:5      | Found a radiant altar of Vehumet.
  4115 | D:5      | Became a worshipper of Vehumet
  4175 | D:5      | Reached skill level 7 in Spellcasting
  4321 | D:5      | Found Diupruik's Assorted Antiques.
  4329 | D:5      | Bought a scroll labelled QEMI WAHOOJU for 21 gold pieces
  4329 | D:5      | Bought a pink potion for 18 gold pieces
  4329 | D:5      | Bought a scroll labelled HUISUL WUNT for 21 gold pieces
  4329 | D:5      | Bought a sapphire potion for 18 gold pieces
  4329 | D:5      | Bought an embroidered hat for 147 gold pieces
  4529 | D:6      | Learned a level 4 spell: Iskenderun's Mystic Blast
  4538 | D:6      | Reached skill level 5 in Conjurations
  4538 | D:6      | Reached XP level 8. HP: 55/57 MP: 6/18
  4678 | D:6      | Found a sand-covered staircase.
  4688 | Ossuary  | Entered an ossuary
  4784 | Ossuary  | Reached skill level 5 in Translocations
  4791 | Ossuary  | Reached * piety under Vehumet
  4791 | Ossuary  | Offered knowledge of Sandblast by Vehumet.
  4803 | Ossuary  | Slain by a mummy

Illustrated notes

Levels and vault maps discovered:
D:1:      erik_arrival_cave_to_civilisation [erik_arrival_cave_to_hall],
          layout_rooms, serial_shops, shop, minmay_tetromino_i2
D:2:      layout_basic, minmay_misc_feat_roman, grunt_ministairs_3
D:3:      layout_loops_corners, nicolae_hepliaklqana_hippocampus, uniq_natasha,
          uniq_jessica
D:4:      layout_cave_pools, mainiacjoe_overflow_alcove_2,
          lemuel_coloured_pillars_altar, minmay_temple_entry_poolview,
          serial_shops, nicolae_shop_advertising_works
          [nicolae_subvault_shop_adworks], uniq_robin
D:5:      layout_gridville, fiery_altar_vehumet, serial_shops, shop,
          portal_sewer_entry_a
D:6:      layout_cave_pools, nicolae_ossuary_entry_ruins
Temple:   nicolae_temple_god_jail
Ossuary:  ossuary_zaba_flooded

Skill      XL: |  1  2  3  4  5  6  7  8 |
---------------+-------------------------+-----
Spellcasting   | 3 4 5 6 7 |  7.7
Translocations | 3 4 5 |  5.3
Conjurations   | 5 |  5.9
Dodging        | |  1.7
Stealth        | |  1.7

Action                     |  1- 3 |  4- 6 |  7- 9 || total
---------------------------+-------+-------+-------++-------
  Melee: Unarmed           |     6 |       |       ||     6
         Dagger            |     2 |       |       ||     2
         Staff             |     4 |     1 |     8 ||    13
  Throw: Boomerang         |       |       |     3 ||     3
   Cast: Magic Dart        |    33 |    26 |     7 ||    66
         Searing Ray       |     9 |    37 |    26 ||    72
         Iskenderun's Myst |       |       |    14 ||    14
Ability: Breathe Steam     |       |       |    20 ||    20
    Use: Scroll            |       |     1 |     4 ||     5
         Potion            |       |       |     2 ||     2
 Armour: Skin              |     9 |    23 |    32 ||    64
  Dodge: Dodged            |    17 |    39 |    57 ||   113

Table legend: (Time is in decaauts)
 A = Elapsed time spent in this place.
 B = Non-inter-level travel time spent in this place.
 C = Inter-level travel time spent in this place.
 D = Time resting spent in this place.
 E = Time spent auto-exploring this place.
 F = Levels seen in this place.
 G = Mean time per level.
                   A        B        C        D        E       F      G
               +--------+--------+--------+--------+--------+-----+--------+
         Total |   4836 |   4448 |    388 |    108 |   2472 |   9 |  537.3 |
       Dungeon |   4436 |   4060 |    376 |     69 |   2351 |   6 |  739.3 |
        Temple |     50 |     38 |     12 |      0 |     16 |   1 |   50.0 |
         Sewer |    231 |    231 |      0 |      0 |    104 |   1 |  231.0 |
       Ossuary |    118 |    118 |      0 |     39 |      1 |   1 |  118.0 |
               +--------+--------+--------+--------+--------+-----+--------+

Top non-repeatable levels by time:
     D:4: 983 daAuts
     D:3: 891 daAuts
     D:5: 824 daAuts
     D:2: 798 daAuts
     D:1: 738 daAuts
   Sewer: 231 daAuts
     D:6: 201 daAuts
 Ossuary: 118 daAuts
  Temple: 50 daAuts
